 Dungeon Crawl Stone Soup version 0.22-a0-305-gd21a89c (console) character file.

268596 Duffy the Eclecticist (level 20, -4/176 HPs)
             Began as a Naga Fire Elementalist on Mar 28, 2018.
             Was the Champion of Vehumet.
             Slain by a merfolk impaler
             ... wielding a +4 trident of freezing
              (11 damage)
             ... on level 4 of the Shoals on Mar 29, 2018.
             The game lasted 01:43:36 (59093 turns).

Duffy the Eclecticist (Naga Fire Elementalist)     Turns: 59093, Time: 01:43:37

Health: -4/176     AC: 22    Str: 11    XL:     20   Next: 56%
Magic:  57/59      EV: 11    Int: 36    God:    Vehumet [******]
Gold:   2148       SH: 18    Dex: 16    Spells: 0/53 levels left

rFire    + . .     SeeInvis +   b - staff of poison
rCold    . . .     Gourm    .   g - +7 shield "Lidyd" {Int+4}
rNeg     . . .     Faith    +   p - +2 robe {rF+}
rPois    +         Spirit   .   W - +2 helmet {Int+3}
rElec    .         Reflect  .   B - scarf {repulsion}
rCorr    .         Harm     .   N - +1 pair of gloves of an ice cave {MR+ Dex+5}
MR       +++..                  P - +4 naga barding "Wyogej" {Int+7 Dex-3}
Stlth    ++........             x - amulet of faith
HPRegen  0.39/turn              r - ring of magical power
MPRegen  0.36/turn              s - ring of magical power

@: repel missiles, very slow
A: large, see invisible, deformed body, poison resistance, slowness 2, slow
metabolism 1, spit poison 1, constrict 1, AC +6
}: 1/15 runes: serpentine
a: Spit Poison, Renounce Religion


You were on level 4 of the Shoals.
You worshipped Vehumet.
Vehumet was exalted by your worship.
You were not hungry.

You visited 7 branches of the dungeon, and saw 35 of its levels.
You also visited: Trove and Ice Cave.

You collected 4209 gold pieces.
You spent 2061 gold pieces at shops.

Inventory:

Hand Weapons
 J - the +1 morningstar "Dragonbane" {elec, +Fly rElec Dex+4}
   (You took it off a centaur on level 9 of the Dungeon)

   Occasionally, upon striking a foe, it will discharge some electrical energy
   and cause terrible harm.
   It affects your dexterity (+4).
   It insulates you from electricity.
   It lets you fly.
 Y - the +6 dagger "Concordance" {freeze, -Tele rPois rF++}
   (You found it on level 4 of the Lair of Beasts)

   It has been specially enchanted to freeze those struck by it, causing extra
   injury to most foes and up to half again as much damage against particularly
   susceptible opponents.
   It can also slow down cold-blooded creatures.
   It greatly protects you from fire.
   It protects you from poison.
   It prevents most forms of teleportation.
Armour
 g - the +7 shield "Lidyd" (worn) {Int+4}
   (You found it in a treasure trove)

   It affects your intelligence (+4).
 p - a +2 robe of fire resistance (worn)
 B - a scarf of repulsion (worn)
 N - the +1 pair of gloves of an ice cave (worn) {MR+ Dex+5}
   (You found it in a treasure trove)

   It affects your dexterity (+5).
   It affects your resistance to hostile enchantments.
 P - the +4 naga barding "Wyogej" (worn) {Int+7 Dex-3}
   (You found it in a treasure trove)

   It affects your intelligence (+7).
   It affects your dexterity (-3).
 W - a +2 helmet of intelligence (worn)
Magical Staves
 a - an uncursed staff of fire
 b - an uncursed staff of poison (weapon)
Jewellery
 r - a ring of magical power (left hand)
 s - a ring of magical power (right hand)
 x - an amulet of faith (around neck)
 A - an uncursed ring of positive energy
 C - an uncursed amulet of the gourmand
 I - an uncursed ring of resist corrosion
 Q - an uncursed ring of protection from cold
Wands
 y - a wand of digging (32)
 V - a wand of enslavement (28)
 X - a wand of paralysis (37)
Scrolls
 h - 17 scrolls of teleportation
 l - 4 scrolls of blinking
 o - 4 scrolls of enchant armour
 u - 6 scrolls of magic mapping
 w - 13 scrolls of remove curse
 z - 3 scrolls of immolation
 E - 17 scrolls of identify
 S - 4 scrolls of amnesia
 U - 4 scrolls of fog
Potions
 e - 17 potions of curing
 k - a potion of ambrosia
 m - 9 potions of cancellation
 n - 3 potions of heal wounds
 q - 3 potions of brilliance
 t - 3 potions of mutation
 D - a potion of resistance
 F - 2 potions of agility
 H - 3 potions of haste
 K - 2 potions of invisibility
 O - 4 potions of flight
Miscellaneous
 d - a sack of spiders
 f - a phantom mirror
 i - a lightning rod (4/4)
 j - a lamp of fire
 T - a box of beasts
Comestibles
 c - 35 rations


   Skills:
 - Level 10.0 Fighting
 - Level 5.2 Dodging
 - Level 3.0 Stealth
 - Level 9.0 Shields
 + Level 17.0 Spellcasting
 * Level 16.6 Conjurations
 - Level 2.4 Summonings
 - Level 4.0 Necromancy
 - Level 2.0 Translocations
 * Level 16.6 Fire Magic
 - Level 8.0 Earth Magic
 - Level 10.0 Poison Magic
 - Level 6.0 Evocations


You couldn't memorise any spells.
You knew the following spells:

 Your Spells              Type           Power        Failure   Level  Hunger
a - Flame Tongue          Conj/Fire      #####        0%          1    None
b - Sublimation of Blood  Necr           ######....   1%          2    None
c - Conjure Flame         Conj/Fire      ########     0%          3    None
g - Fire Storm            Conj/Fire      ########..   21%         9    ######.
h - Poison Arrow          Conj/Pois      ########..   1%          6    None
i - Ignition              Fire           ########..   2%          8    #####..
j - Iron Shot             Conj/Erth      #######...   1%          6    None
k - Fireball              Conj/Fire      ########..   1%          5    None
l - Bolt of Fire          Conj/Fire      ########..   1%          6    None
s - Sticky Flame          Conj/Fire      ########     0%          4    None
t - Summon Butterflies    Summ           #####...     1%          1    None
B - Blink                 Tloc           N/A          1%          2    None


Dungeon Overview and Level Annotations

Branches:
Dungeon (15/15)            Temple (1/1) D:7            Lair (6/6) D:10
 Shoals (4/4) Lair:2        Snake (4/4) Lair:4        Slime (0/5) Lair:5
    Orc (2/2) D:12            Elf (3/3) Orc:2        Vaults (0/5) D:14
 Depths (0/5) D:15

Altars:
Ashenzari
Cheibriados
Dithmenos
Elyvilon
Fedhas
Gozag
Hepliaklqana
Kikubaaqudgha
Makhleb
Nemelex Xobeh
Okawaru
Qazlal
Ru
Sif Muna
Trog
Uskayaw
Vehumet
Wu Jian
Xom
Yredelemnul
Zin
The Shining One
Beogh
Jiyva

Shops:
D:10 %   D:13 *   Orc:2 *[(}   Elf:3 ((?   Shoals:2 %   Shoals:3 [   Shoals:4 *
Snake:1 }=}

Annotations:
Shoals:2 1 runed door
Shoals:4 Ilsuiw
Elf:2 5 runed doors, exclusion: 5 doors


Innate Abilities, Weirdness & Mutations

You cannot wear boots.
Your serpentine skin is tough. (AC +6)
You have supernaturally acute eyesight. (SInv)
Armour fits poorly on your strangely shaped body.
Your system is resistant to poisons. (rPois)
You cover ground very slowly.
You have a slow metabolism.
You can spit poison.
You can use your snake-like lower body to constrict enemies.


Message History

A merfolk siren comes into view. It is wielding a trident.
With effort, you pull free of the water engulfing you.
You enter the shallow water.
Moving in this stuff is going to be slow.
You gasp with relief as air once again reaches your lungs.
You block the merfolk's attack. The water elemental closely misses you.
The merfolk aquamancer hits you but does no damage.
You block the merfolk's attack.
The merfolk impaler hits you but does no damage.
The water nymph casts a spell at you. The water swirls and strikes you!
The merfolk barely misses you. The merfolk closely misses you.
You block the water elemental's attack. You block the merfolk impaler's attack.
The merfolk aquamancer hits you with a rapier.
The merfolk siren chants a haunting song.
You resist with almost no effort.
You block the merfolk aquamancer's attack.
The merfolk hits you but does no damage.
The merfolk impaler hits you from afar with a trident of freezing!
You die...

.#~....~# .##
###mm.m....
...###~#m..mEm..
...............~
~~~....H)~E..m.~
~~~...~mE.E.....
~~~...EEmm......
~~...mmmEm......
~~~~~~~@mE...###
~~~~~~~mE...##
~~~~~~~~~~.....
~~~~~~~~~~~~...
~~~~~~~~~~~~~~~~
~~~~~~~~~~~~~~~~
~~~~~~~~~~~~~~~
~~~~~~~~~~~~~~~


You could see Ilsuiw, 2 merfolk impalers, 2 merfolk javelineers, 3 merfolk
aquamancers, 5 merfolk, a manticore, 9 water elementals, 2 merfolk sirens and a
water nymph.

Vanquished Creatures
  Mara (Snake:4)
  Vashnia (Snake:4)
  Bai Suzhen (Elf:3)
  Asterion (Snake:2)
  A deep elf blademaster (Elf:3)
  2 deep elf master archers (Elf:3)
  Gastronok (D:8)
  Agnes (Snake:1)
  Kirke (D:14)
  10 nagarajas
  A frost giant (IceCv)
  4 deep elf sorcerers (Elf:3)
  Louise (Snake:1)
  The ghost of Sergey the Brawler, an adept VSIE of Okawaru (Snake:2)
  Aizul (Snake:4)
  A deep elf elementalist (Elf:3)
  7 deep elf demonologists
  13 deep elf annihilators (Elf:3)
  Nessos (Lair:4)
  2 merfolk javelineers
  7 deep elf death magi (Elf:3)
  Snorg (D:12)
  2 fire dragons
  3 crystal guardians (Elf:3)
  Josephine (Lair:4)
  3 deep elf high priests (Elf:3)
  2 merfolk impalers
  An ettin (D:12)
  5 vault guards (D:14)
  11 naga warriors
  3 centaur warriors
  7 hydras
  The ghost of Protee the Destroyer, a journeyman OpCj of Vehumet (Lair:2)
  2 merfolk aquamancers (Shoals:1)
  3 merfolk avatars
  11 anacondas
  7 two-headed ogres
  The ghost of whitenoisemaker the Basher, a novice TrMo of the Shining One (D:9)
  3 death yaks (IceCv)
  An ogre mage (D:15)
  10 dancing weapons
  3 orc high priests (Orc:2)
  Sonja (D:14)
  9 deep elf knights
  4 shock serpents
  Nergalle (Lair:3)
  10 naga sharpshooters
  3 salamander mystics (Snake:4)
  4 skeletal warriors
  17 sea snakes
  6 naga ritualists
  2 unseen horrors
  2 wizards
  14 harpies
  11 deep elf archers
  5 orc knights
  A necromancer (D:15)
  8 mana vipers
  55 deep elf magi
  2 wolf spiders (D:15)
  11 manticores
  5 orc sorcerers
  9 salamanders
  5 cyclopes
  5 ugly things
  15 fauns
  8 elephants
  A rust devil (D:11)
  4 merfolk sirens
  Maurice (D:8)
  3 water nymphs
  Joseph (D:8)
  A torpor snail (Lair:1)
  An orange demon (D:11)
  26 black mambas
  An ice statue (IceCv)
  11 spiny frogs
  14 naga magi
  4 guardian serpents (Snake:4)
  Psyche (D:10)
  A freezing wraith (D:15)
  A yaktaur (D:14)
  13 rime drakes
  A kobold demonologist (D:9)
  6 komodo dragons
  23 merfolk
  2 tengu conjurers
  10 trolls
  A red devil (D:11)
  3 hornets (Lair:6)
  26 polar bears
  3 wind drakes
  13 slime creatures
  21 blink frogs
  5 dream sheep
  A meliai zombie (D:13)
  5 snapping turtles
  11 hippogriffs
  A spriggan (shapeshifter) (D:15)
  6 air elementals
  11 water elementals
  2 wyverns
  43 yaks
  2 shadows
  2 humans (D:7)
  3 basilisks
  8 wraiths
  2 fire elementals
  2 hungry ghosts
  10 steam dragons (Lair:4)
  11 water moccasins
  58 nagas
  An acid dragon (D:14)
  A warg (Orc:1)
  30 orc warriors
  8 porcupines
  A swamp drake (Orc:1)
  14 black bears
  4 ice beasts
  4 sky beasts
  3 eyes of draining
  3 necrophages
  5 phantoms
  4 hornet zombies
  7 ogres
  25 wolves
  15 centaurs
  16 crocodiles
  16 bullfrogs
  Blork the orc (Orc:1)
  A big kobold (D:14)
  3 earth elementals
  A gnoll sergeant (D:3)
  A water moccasin zombie (D:6)
  4 wyvern skeletons
  6 scorpions
  6 killer bees
  2 jellies
  11 wights
  4 howler monkeys
  7 crimson imps
  5 electric eels
  3 bullfrog zombies (D:6)
  2 centaur zombies
  2 bullfrog skeletons
  21 orc wizards
  2 quasits
  11 centaur skeletons
  26 orc priests
  8 iron imps
  4 gnoll shamans (D:3)
  3 hounds
  Terence (D:2)
  2 iguanas
  7 worker ants
  A hound zombie (D:6)
  A hound skeleton (D:10)
  Robin (D:1)
  2 worker ant zombies (D:6)
  36 gnolls (D:3)
  A howler monkey skeleton (D:6)
  13 adders
  7 shadow imps
  12 white imps (D:11)
  2 adder zombies (D:6)
  2 worms
  3 dart slugs
  6 leopard geckos
  79 orcs
  3 giant cockroaches
  13 goblins
  7 hobgoblins
  21 jackals
  4 quokkas
  2 ball pythons
  A ball python skeleton (D:4)
  6 bats
  A frilled lizard (D:2)
  12 kobolds
  3 quokka skeletons (D:6)
  4 rats
  A bush (Lair:4)
  A fungus (Lair:6)
  A plant (Lair:6)
1276 creatures vanquished.

Vanquished Creatures (collateral kills)
  A deep elf high priest (Elf:3)
1 creature vanquished.

Vanquished Creatures (others)
  3 humans (D:14)
  A steam dragon (Lair:4)
  A centaur (Shoals:4)
  An orc priest (D:3)
  A shadow imp (Orc:1)
  A white imp (Orc:1)
  2 orcs (Orc:1)
  2 kobolds (D:14)
  2 fungi (Lair:4)
  15 plants
29 creatures vanquished.

Grand Total: 1306 creatures vanquished

Notes
Turn   | Place    | Note
-------+----------+-------------------------------------------
     0 | D:1      | Duffy the Naga Fire Elementalist began the quest for the Orb.
     0 | D:1      | Reached XP level 1. HP: 15/15 MP: 3/3
   286 | D:1      | Reached XP level 2. HP: 22/22 MP: 1/5
   632 | D:1      | Reached XP level 3. HP: 25/28 MP: 3/6
  1039 | D:2      | Noticed Robin
  1289 | D:1      | Killed Robin
  1289 | D:1      | Reached XP level 4. HP: 30/36 MP: 1/7
  1573 | D:2      | Noticed Terence
  1582 | D:2      | Killed Terence
  1768 | D:2      | Learned a level 3 spell: Conjure Flame
  1773 | D:2      | Learned a level 4 spell: Sticky Flame
  1795 | D:2      | Reached XP level 5. HP: 42/42 MP: 7/9
  2083 | D:2      | Found a stormy altar of Qazlal.
  2353 | D:4      | Reached skill level 3 in Spellcasting
  2632 | D:4      | Reached XP level 6. HP: 44/49 MP: 5/10
  2714 | D:4      | Got a scorched short sword
  3844 | D:4      | Noticed a phantom
  3868 | D:4      | Killed a phantom
  3868 | D:4      | Reached XP level 7. HP: 31/55 MP: 0/12
  4232 | D:5      | Entered Level 5 of the Dungeon
  4394 | D:5      | Learned a level 5 spell: Fireball
  4792 | D:6      | Reached skill level 4 in Spellcasting
  4881 | D:6      | Reached skill level 5 in Conjurations
  4881 | D:6      | Reached skill level 5 in Fire Magic
  5130 | D:6      | Reached XP level 8. HP: 47/62 MP: 10/15
  5746 | D:6      | Reached skill level 5 in Spellcasting
  5932 | D:6      | Identified the Guide on Scorching Dark Magic
  6234 | D:7      | Found a staircase to the Ecumenical Temple.
  6242 | Temple   | Entered the Ecumenical Temple
  6507 | Temple   | Became a worshipper of Vehumet
  7602 | D:7      | Found an iron altar of Okawaru.
  7619 | D:7      | Reached XP level 9. HP: 68/68 MP: 17/17
  7629 | D:7      | Reached skill level 6 in Spellcasting
  8128 | D:8      | Noticed Maurice
  8136 | D:8      | Killed Maurice
  8233 | D:8      | Noticed Gastronok
  8530 | D:8      | Noticed Joseph
  8900 | D:8      | Killed Joseph
  8900 | D:8      | Reached skill level 5 in Fighting
  9049 | D:8      | Killed Gastronok
  9049 | D:8      | Reached XP level 10. HP: 76/99 MP: 15/19
  9179 | D:8      | Found a basalt altar of Yredelemnul.
  9794 | D:3      | Reached * piety under Vehumet
  9794 | D:3      | Offered knowledge of Sting by Vehumet.
 10499 | D:3      | Reached ** piety under Vehumet
 10499 | D:3      | Offered knowledge of Sandblast by Vehumet.
 10872 | D:3      | Reached skill level 10 in Fighting
 11248 | D:9      | Noticed a four-headed hydra
 11251 | D:9      | Noticed a kobold demonologist
 11255 | D:9      | Killed a four-headed hydra
 11263 | D:9      | Killed a kobold demonologist
 11311 | D:9      | Noticed whitenoisemaker's ghost (novice TrMo)
 11766 | D:8      | Identified the +3 short sword of the Stoat {speed, rN++ Str-2 Int+4} (You found it on level 4 of the Dungeon)
 12053 | D:10     | Entered Level 10 of the Dungeon
 12053 | D:10     | Found a portal to a secret trove of treasure.
 12064 | Trove    | Entered a treasure trove
 12090 | Trove    | Got a fine shield
 12097 | Trove    | Got an encrusted naga barding
 12099 | Trove    | Got a crude naga barding
 12103 | Trove    | Got a translucent scale mail
 12105 | Trove    | Got a transparent helmet
 12111 | Trove    | Got a polished naga barding
 12113 | Trove    | Got a pair of jewelled gloves
 12115 | Trove    | Got a pair of warped gloves
 12117 | Trove    | Got a crude naga barding
 12121 | Trove    | Got a distressingly furry chain mail
 12153 | Trove    | Identified the +0 naga barding "Appisau" {Regen+} (You found it in a treasure trove)
 12163 | Trove    | Identified the +4 naga barding "Wyogej" {Int+7 Dex-3} (You found it in a treasure trove)
 12173 | Trove    | Identified the +1 pair of gloves of an ice cave {MR+ Dex+5} (You found it in a treasure trove)
 12183 | Trove    | Identified the +2 pair of gloves of Heresy {Regen+ Str+4 Int-4 SInv} (You found it in a treasure trove)
 12193 | Trove    | Identified the -3 helmet of Refuge {+Blink rElec MR+} (You found it in a treasure trove)
 12213 | Trove    | Identified the +3 naga barding "Jaekk" {Str+4 Dex+4 Stlth-} (You found it in a treasure trove)
 12223 | Trove    | Identified the +0 naga barding of Vanity {rElec rF+ MR+} (You found it in a treasure trove)
 12248 | Trove    | Identified the +7 shield "Lidyd" {Int+4} (You found it in a treasure trove)
 12312 | D:10     | Reached skill level 1 in Shields
 12358 | D:10     | Reached XP level 11. HP: 108/108 MP: 20/20
 12472 | D:10     | Noticed Psyche
 12477 | D:10     | Killed Psyche
 12580 | D:10     | Noticed a two-headed ogre
 12589 | D:10     | Killed a two-headed ogre
 12724 | D:10     | Found Foboeb's Food Shoppe.
 12862 | D:10     | Reached skill level 5 in Shields
 12888 | D:10     | Found a staircase to the Lair.
 13688 | Lair:1   | Entered Level 1 of the Lair of Beasts
 13846 | Lair:1   | Noticed a seven-headed hydra
 13855 | Lair:1   | Killed a seven-headed hydra
 14372 | Lair:1   | Noticed a six-headed hydra
 14377 | Lair:1   | Killed a six-headed hydra
 14603 | Lair:1   | Reached XP level 12. HP: 116/116 MP: 10/21
 15210 | Lair:1   | Reached skill level 5 in Dodging
 15703 | Lair:2   | Noticed Protee's ghost (journeyman OpCj)
 15731 | Lair:2   | Killed Protee's ghost
 15731 | Lair:2   | Reached skill level 1 in Evocations
 16207 | Lair:2   | Found a staircase to the Shoals.
 16524 | Lair:2   | Noticed a seven-headed hydra
 16529 | Lair:2   | Killed a seven-headed hydra
 16959 | Lair:3   | Reached skill level 7 in Spellcasting
 17170 | Lair:3   | Offered knowledge of Ignite Poison by Vehumet.
 17220 | Lair:3   | Noticed Nergalle
 17231 | Lair:3   | Killed Nergalle
 17890 | Lair:4   | Noticed a five-headed hydra
 17893 | Lair:4   | Killed a five-headed hydra
 17893 | Lair:4   | Gained mutation: You can use your snake-like lower body to constrict enemies. [Naga growth]
 17893 | Lair:4   | Reached XP level 13. HP: 123/123 MP: 24/24
 17955 | Lair:4   | Reached *** piety under Vehumet
 18063 | Lair:4   | Noticed Josephine
 18069 | Lair:4   | Killed Josephine
 18466 | Lair:4   | Offered knowledge of Throw Icicle by Vehumet.
 18520 | Lair:4   | Found a staircase to the Snake Pit.
 18703 | Lair:4   | Reached skill level 5 in Evocations
 18813 | Lair:4   | Noticed Nessos
 18817 | Lair:4   | Killed Nessos
 18817 | Lair:4   | Reached skill level 8 in Spellcasting
 19045 | Lair:4   | Noticed a fire dragon
 19501 | D:6      | Reached **** piety under Vehumet
 19780 | D:9      | Got a brightly glowing morningstar {elec}
 19781 | D:9      | Identified the cursed +1 morningstar "Dragonbane" {elec, +Fly rElec Dex+4} (You took it off a centaur on level 9 of the Dungeon)
 19808 | D:9      | Found a burning altar of Makhleb.
 19876 | D:9      | Killed whitenoisemaker's ghost
 20163 | D:11     | Found a frozen archway.
 20171 | D:11     | Offered knowledge of Force Lance by Vehumet.
 20221 | IceCv    | Entered an ice cave
 20785 | IceCv    | Reached ***** piety under Vehumet
 20787 | IceCv    | Offered knowledge of Iron Shot by Vehumet.
 20812 | IceCv    | Learned a level 6 spell: Iron Shot
 21370 | IceCv    | Reached skill level 1 in Earth Magic
 21578 | IceCv    | Noticed a frost giant
 21597 | IceCv    | Reached skill level 9 in Spellcasting
 21597 | IceCv    | Reached skill level 10 in Conjurations
 21597 | IceCv    | Reached skill level 10 in Fire Magic
 21754 | IceCv    | Reached XP level 14. HP: 129/131 MP: 27/27
 21851 | IceCv    | Killed a frost giant
 22128 | IceCv    | Got a twisted scythe
 22453 | D:11     | Found an ancient bone altar of Kikubaaqudgha.
 23022 | D:11     | Reached skill level 5 in Earth Magic
 23803 | Lair:4   | Reached skill level 10 in Spellcasting
 24206 | Lair:4   | Got a polished dagger
 24209 | Lair:4   | Identified the +6 dagger "Concordance" {freeze, -Tele rPois rF++} (You found it on level 4 of the Lair of Beasts)
 24529 | Lair:5   | Offered knowledge of Spellforged Servitor by Vehumet.
 25510 | Lair:5   | Found a viscous altar of Jiyva.
 25510 | Lair:5   | Found a staircase to the Slime Pits.
 25688 | Lair:6   | Entered Level 6 of the Lair of Beasts
 26162 | Lair:5   | Reached skill level 11 in Spellcasting
 27252 | Lair:6   | Offered knowledge of Ozocubu's Refrigeration by Vehumet.
 27261 | Lair:6   | Reached XP level 15. HP: 137/137 MP: 10/30
 28336 | Lair:6   | Identified the Reference Book on Calling and Conjuration
 28941 | D:12     | Found an opulent altar of Gozag.
 29253 | D:12     | Noticed Snorg
 29256 | D:12     | Killed Snorg
 29323 | D:12     | Found a staircase to the Orcish Mines.
 29755 | D:12     | Found a roughly hewn altar of Beogh.
 29816 | Orc:1    | Entered Level 1 of the Orcish Mines
 30151 | Orc:1    | Offered knowledge of Lightning Bolt by Vehumet.
 30613 | Orc:1    | Reached skill level 12 in Spellcasting
 30740 | Orc:1    | Noticed Blork the orc
 30741 | Orc:1    | Killed Blork the orc
 31782 | Orc:1    | Learned a level 2 spell: Blink
 31785 | Orc:1    | Learned a level 2 spell: Sublimation of Blood
 31816 | Orc:2    | Entered Level 2 of the Orcish Mines
 31816 | Orc:2    | Found a staircase to the Elven Halls.
 32042 | Orc:2    | Offered knowledge of Orb of Destruction by Vehumet.
 32309 | Orc:2    | Reached skill level 1 in Necromancy
 32941 | Orc:2    | Found a bloodstained altar of Trog.
 32951 | Orc:2    | Found a roughly hewn altar of Beogh.
 34114 | Orc:2    | Found Kehosim's Armour Shop.
 34114 | Orc:2    | Found Qedoimm's General Store.
 34115 | Orc:2    | Found Bihetzi's Gadget Emporium.
 34115 | Orc:2    | Found Jirusi's Antique Weapon Emporium.
 34183 | Orc:2    | Bought 3 scrolls of identify for 90 gold pieces
 34183 | Orc:2    | Bought a potion of cancellation for 120 gold pieces
 34183 | Orc:2    | Bought a potion of curing for 45 gold pieces
 34183 | Orc:2    | Bought a scroll of amnesia for 52 gold pieces
 35097 | D:13     | Found Yjeicet's General Store.
 36086 | D:14     | Noticed Kirke
 36427 | D:14     | Reached ****** piety under Vehumet
 36454 | D:14     | Killed Kirke
 36454 | D:14     | Reached XP level 16. HP: 145/145 MP: 8/32
 37464 | D:14     | Found a gate to the Vaults.
 37552 | D:14     | Noticed Sonja
 37553 | D:14     | Killed Sonja
 37702 | D:14     | Found a burning altar of Makhleb.
 38071 | D:15     | Entered Level 15 of the Dungeon
 38216 | D:14     | Offered knowledge of Conjure Ball Lightning by Vehumet.
 38681 | D:15     | Reached skill level 1 in Translocations
 38957 | D:15     | Reached skill level 13 in Spellcasting
 39825 | D:15     | Found a staircase to the Depths.
 39959 | Elf:1    | Entered Level 1 of the Elven Halls
 40562 | Elf:1    | Identified Sif Muna's Collected Works on the Entourage
 40566 | Elf:1    | Learned a level 1 spell: Summon Butterflies
 40601 | Elf:1    | Reached skill level 1 in Summonings
 41307 | Elf:2    | Reached XP level 17. HP: 152/152 MP: 29/34
 41526 | Elf:2    | Offered knowledge of Poison Arrow by Vehumet.
 41557 | Elf:1    | Learned a level 6 spell: Poison Arrow
 41809 | Elf:2    | Reached skill level 1 in Poison Magic
 42402 | Elf:2    | Reached skill level 14 in Spellcasting
 42556 | Elf:2    | Found a huge runed gate.
 42559 | Elf:2    | Found a huge runed gate.
 42559 | Elf:2    | Found a huge runed gate.
 42561 | Elf:2    | Found a huge runed gate.
 42561 | Elf:2    | Found a huge runed gate.
 42647 | Elf:3    | Entered Level 3 of the Elven Halls
 42777 | Elf:3    | Found Qoax's Weapon Shoppe.
 42784 | Elf:3    | Reached skill level 5 in Poison Magic
 42937 | Elf:3    | Noticed Bai Suzhen
 43229 | Elf:3    | Found Ranytoih's Antique Weapon Shoppe.
 43290 | Elf:3    | Killed Bai Suzhen
 43311 | Elf:3    | Found Tumaqo's Magic Scroll Shop.
 43531 | Elf:3    | Bought a scroll of magic mapping for 45 gold pieces
 43531 | Elf:3    | Bought a scroll of fog for 26 gold pieces
 44023 | Elf:3    | Noticed a deep elf master archer
 44024 | Elf:3    | Killed a deep elf master archer
 44417 | Elf:3    | Noticed a deep elf master archer
 44419 | Elf:3    | Killed a deep elf master archer
 44564 | Elf:3    | Noticed a deep elf blademaster
 44621 | Elf:3    | Reached skill level 15 in Spellcasting
 44719 | Elf:3    | Killed a deep elf blademaster
 44719 | Elf:3    | Reached XP level 18. HP: 159/159 MP: 37/37
 44857 | Elf:3    | Offered knowledge of Lehudib's Crystal Spear by Vehumet.
 44857 | Elf:3    | Offered knowledge of Fire Storm by Vehumet.
 44857 | Elf:3    | Offered knowledge of Tornado by Vehumet.
 45033 | Elf:3    | Reached skill level 10 in Poison Magic
 45815 | Elf:3    | Found Ranytoih's Antique Weapon Shoppe.
 45843 | Elf:3    | Found Qoax's Weapon Shoppe.
 45894 | Elf:3    | Found Tumaqo's Magic Scroll Shop.
 46443 | Elf:3    | Learned a level 8 spell: Ignition
 46588 | D:13     | Bought a book of the Dragon for 1530 gold pieces
 46595 | D:13     | Learned a level 6 spell: Bolt of Fire
 46859 | Snake:1  | Entered Level 1 of the Snake Pit
 46859 | Snake:1  | Noticed Louise
 46863 | Snake:1  | Killed Louise
 46979 | Snake:1  | Noticed Agnes
 46981 | Snake:1  | Killed Agnes
 46988 | Snake:1  | Reached skill level 16 in Spellcasting
 47318 | Snake:1  | Found a radiant altar of Vehumet.
 48018 | Snake:1  | Found Poadghaty's Gadget Shop.
 48018 | Snake:1  | Found Quek's Jewellery Shoppe.
 48019 | Snake:1  | Found Mozaruf's Gadget Shop.
 48592 | Snake:2  | Noticed Sergey's ghost (adept VSIE)
 48597 | Snake:2  | Killed Sergey's ghost
 49204 | Snake:2  | Noticed Asterion
 49210 | Snake:2  | Killed Asterion
 49791 | Snake:2  | Reached XP level 19. HP: 167/167 MP: 30/39
 51404 | Snake:4  | Entered Level 4 of the Snake Pit
 51650 | Snake:4  | Noticed Mara
 51652 | Snake:4  | Noticed Duffy's illusion
 52087 | Snake:4  | Noticed Duffy's illusion
 52221 | Snake:4  | Killed Mara
 52228 | Snake:4  | Reached skill level 15 in Conjurations
 52349 | Snake:4  | Reached skill level 15 in Fire Magic
 52810 | Snake:4  | Noticed Aizul
 52814 | Snake:4  | Killed Aizul
 54106 | Snake:4  | Noticed Vashnia
 54792 | Snake:4  | Killed Vashnia
 55423 | Snake:4  | Got a serpentine rune of Zot
 55595 | Shoals:1 | Entered Level 1 of the Shoals
 55704 | Shoals:1 | Reached XP level 20. HP: 176/176 MP: 40/40
 57432 | Shoals:2 | Found Vakuymn's Food Emporium.
 57800 | Shoals:2 | Reached skill level 17 in Spellcasting
 57866 | Shoals:2 | Learned a level 9 spell: Fire Storm
 57894 | Shoals:2 | Found a runed door.
 58397 | Shoals:3 | Found Doigan's Armour Shoppe.
 58997 | Shoals:4 | Entered Level 4 of the Shoals
 59027 | Shoals:4 | Found Sizaqos's General Store.
 59030 | Shoals:4 | Bought a scroll of identify for 36 gold pieces
 59030 | Shoals:4 | Bought a scroll of magic mapping for 63 gold pieces
 59030 | Shoals:4 | Bought a potion of curing for 54 gold pieces
 59090 | Shoals:4 | Noticed Ilsuiw
 59091 | Shoals:4 | HP: 8/176 [water elemental (15)]
 59093 | Shoals:4 | Slain by a merfolk impaler

Vault maps used:
D:1:      mrwooster_arrival_statue_3, feat_on_display
D:2:      nicolae_qazlal_eye_of_the_storm, uniq_robin, uniq_terence
D:3:      lemuel_castle_with_subvaults, first_ration
D:4:      kennysheep_generic_room_5
D:6:      kennysheep_windowed_halls, serial_undead, serial_undead_e,
          serial_undead_b, serial_undead_d, serial_undead_a, serial_undead_d,
          serial_undead_f
D:7:      minmay_temple_entry_statues_fountains, grunt_ogre_cave, okawaru_humans
D:8:      basic_altar, uniq_maurice, uniq_joseph, uniq_gastronok
D:9:      old_standard_altar, minmay_radiant
D:10:     lair_entry_dummy, enter_trove_0, serial_shops, shop, uniq_psyche
D:11:     minmay_the_grid_octo_tiled_squarecenter, portal_ice_cave_entry_imps,
          lemuel_hellish_altar
D:12:     minmay_orc_entry_temple_small, lemuel_statue_altar, uniq_snorg
D:13:     serial_shops, kennysheep_little_box, hangedman_decor_riveting,
          serial_bayou_lagoon_a, serial_bayou_pond_b
D:14:     grunt_vaults_entry_fortified, serial_bayou_ford_a, basic_altar,
          uniq_sonja, uniq_kirke
D:15:     grunt_enter_depths_magical_seal, minmay_misc_feat_diagonals,
          grunt_ministairs_3
Temple:   roderic_octagonal_lattice_temple
Lair:1:   beast_lair_carwin_large_4, serial_bayou_shore_b, lemuel_fruit_fields,
          grunt_megastairs_3, lemuel_fruit_tree
Lair:2:   minmay_shoals_entry_centaurs, serial_bayou_shore_a
Lair:3:   uniq_nergalle
Lair:4:   guppyfry_snake_entry_island, bobbens_dragon_lair_wall, uniq_josephine,
          uniq_nessos
Lair:5:   dpeg_slime_entry_enclosed_altar, grunt_megastairs_4
Lair:6:   gammafunk_lair_ancient_temple
Shoals:2: serial_shops, shop, lightli_airlock
Shoals:3: serial_shops, nicolae_shop_trees
Shoals:4: shoals_end_grunt_ice, shoal_ilsuiw, serial_shops, shop_statue
Snake:1:  basic_altar, st_stairs_14, serial_bayou_crossing, minmay_shop_grove,
          uniq_louise, uniq_agnes
Snake:2:  uniq_asterion
Snake:4:  johnstein_snake_rune_scales, uniq_mara, uniq_vashnia, uniq_aizul
Orc:1:    hangedman_minor_magic
Orc:2:    st_orc_elflike, basic_altar, trog_book
Elf:1:    minmay_elf_demonology
Elf:2:    uniq_nikola, uniq_azrael
Elf:3:    minmay_elf_hall_golems, serial_shops, shop, shop,
          nicolae_shop_temple_entry_statues_fountains, minmay_misc_feat_pillars,
          hex_large, moated_statue, basic_stair_grate_trap, uniq_bai_suzhen
Trove:    trove_armour_1
IceCv:    ice_cave_caverns_01

Skill      XL: |  1  2  3  4  5  6  7  8  9 10 11 12 13 14 15 16 17 18 19 20 |
---------------+-------------------------------------------------------------+-----
Conjurations   | 2 3 4 5 6 7 8 10 11 13 14 15 16 | 16.6
Spellcasting   | 3 4 5 6 7 9 11 12 13 15 16 17 | 17.0
Fire Magic     | 4 5 6 7 8 10 11 13 14 15 16 | 16.6
Fighting       | 9 10 | 10.0
Dodging        | 4 5 |  5.2
Shields        | 1 8 9 |  9.0
Evocations     | 4 6 |  6.0
Earth Magic    | 2 8 |  8.0
Necromancy     | 3 4 |  4.0
Translocations | 2 |  2.0
Summonings     | 2 |  2.4
Poison Magic   | 9 10 | 10.0
Stealth        | |  3.0

Action                   |  1- 3 |  4- 6 |  7- 9 | 10-12 | 13-15 | 16-18 | 19-21 || total
-------------------------+-------+-------+-------+-------+-------+-------+-------++-------
Melee: Short sword       |     4 |     2 |     1 |     1 |     9 |       |       ||    17
       Morningstar       |       |       |       |       |    40 |       |       ||    40
       Constrict         |       |       |       |       |    19 |       |       ||    19
       Dagger            |       |       |       |       |    21 |       |       ||    21
       Staff             |       |       |       |       |       |     1 |       ||     1
Throw: Javelin           |       |    14 |     1 |     2 |       |       |       ||    17
 Cast: Flame Tongue      |    53 |   114 |   207 |   486 |   275 |       |       ||  1135
       Sticky Flame      |       |     1 |    15 |    58 |    72 |     5 |       ||   151
       Conjure Flame     |       |       |    23 |    39 |    11 |       |       ||    73
       Fireball          |       |       |       |    21 |   319 |   150 |     6 ||   496
       Iron Shot         |       |       |       |       |   240 |   138 |    10 ||   388
       Poison Arrow      |       |       |       |       |       |   131 |   155 ||   286
       Bolt of Fire      |       |       |       |       |       |    95 |   247 ||   342
       Sublimation of Bl |       |       |       |       |       |       |    18 ||    18
       Ignition          |       |       |       |       |       |       |     1 ||     1
 Abil: Spit Poison       |     7 |    12 |     1 |       |     2 |       |       ||    22
Evoke: Wand              |       |       |       |     4 |    13 |     5 |     6 ||    28
       Box of beasts     |       |       |       |       |       |     1 |       ||     1
  Use: Scroll            |     3 |     6 |     6 |     4 |    12 |     9 |     6 ||    46
       Potion            |       |       |       |     1 |       |       |     2 ||     3
 Stab: Distracted        |       |       |       |       |     2 |       |       ||     2
       Sleeping          |       |       |       |       |     1 |       |       ||     1
  Eat: Chunk             |     1 |     8 |    12 |    18 |    76 |    21 |     3 ||   139
       Ration            |       |       |     1 |     3 |     9 |    11 |     5 ||    29
Armor: Robe              |     5 |       |       |       |    17 |    35 |    36 ||    93
       Leather armour    |     1 |    43 |    49 |    67 |       |       |       ||   160
       Skin              |       |       |       |    16 |       |       |       ||    16
       Steam dragon scal |       |       |       |       |   107 |       |       ||   107
Dodge: Dodged            |    22 |    45 |    55 |    91 |   125 |    26 |    37 ||   401
       Deflected         |       |       |     4 |     4 |    18 |     7 |    20 ||    53
Block: Shield            |       |       |       |   187 |   411 |    90 |    88 ||   776

Table legend:
 A = Spawn XP
 B = Non-spawn XP
 C = Spawn XP percentage of total XP
 D = Spawn monster count
 E = Non-spawn monster count
 F = Spawn count percentage of total count
 G = Total turns spent on level
                    A         B        C        D         E        F      G
               +---------+---------+-------+---------+---------+-------+---------
         Total |       0 |  451492 |   0.0 |       0 |    1276 |   0.0 | 59093
               +---------+---------+-------+---------+---------+-------+---------
           D:1 |       0 |      67 |   0.0 |       0 |      29 |   0.0 |  1192
           D:2 |       0 |     160 |   0.0 |       0 |      27 |   0.0 |  1206
           D:3 |       0 |     848 |   0.0 |       0 |      66 |   0.0 |  1855
           D:4 |       0 |     412 |   0.0 |       0 |      12 |   0.0 |  1464
           D:5 |       0 |     138 |   0.0 |       0 |       5 |   0.0 |   581
           D:6 |       0 |    1930 |   0.0 |       0 |      48 |   0.0 |  1849
           D:7 |       0 |     948 |   0.0 |       0 |      15 |   0.0 |  1729
           D:8 |       0 |    3586 |   0.0 |       0 |      12 |   0.0 |  1766
           D:9 |       0 |    2769 |   0.0 |       0 |      14 |   0.0 |   960
          D:10 |       0 |    4015 |   0.0 |       0 |      27 |   0.0 |  1639
          D:11 |       0 |    5788 |   0.0 |       0 |      46 |   0.0 |  1539
          D:12 |       0 |    7509 |   0.0 |       0 |      29 |   0.0 |  2065
          D:13 |       0 |    7477 |   0.0 |       0 |      40 |   0.0 |  1969
          D:14 |       0 |   18492 |   0.0 |       0 |      57 |   0.0 |  1929
          D:15 |       0 |   16351 |   0.0 |       0 |      36 |   0.0 |  1425
        Temple |       0 |     276 |   0.0 |       0 |       2 |   0.0 |   543
        Lair:1 |       0 |    9562 |   0.0 |       0 |      37 |   0.0 |  2342
        Lair:2 |       0 |    3609 |   0.0 |       0 |      13 |   0.0 |   906
        Lair:3 |       0 |    5109 |   0.0 |       0 |      21 |   0.0 |  1241
        Lair:4 |       0 |   13009 |   0.0 |       0 |      43 |   0.0 |  2059
        Lair:5 |       0 |   11804 |   0.0 |       0 |      43 |   0.0 |  2850
        Lair:6 |       0 |   16365 |   0.0 |       0 |      53 |   0.0 |  1443
      Shoals:1 |       0 |   22539 |   0.0 |       0 |      46 |   0.0 |  1571
      Shoals:2 |       0 |   16552 |   0.0 |       0 |      32 |   0.0 |   971
      Shoals:3 |       0 |   13796 |   0.0 |       0 |      31 |   0.0 |   922
      Shoals:4 |       0 |     995 |   0.0 |       0 |       2 |   0.0 |    34
       Snake:1 |       0 |   15750 |   0.0 |       0 |      27 |   0.0 |  1288
       Snake:2 |       0 |   23517 |   0.0 |       0 |      36 |   0.0 |  1821
       Snake:3 |       0 |   12538 |   0.0 |       0 |      24 |   0.0 |  2563
       Snake:4 |       0 |   68135 |   0.0 |       0 |      94 |   0.0 |  3022
         Orc:1 |       0 |    6232 |   0.0 |       0 |      54 |   0.0 |  1707
         Orc:2 |       0 |   12260 |   0.0 |       0 |      69 |   0.0 |  2284
         Elf:1 |       0 |   17895 |   0.0 |       0 |      28 |   0.0 |  1238
         Elf:2 |       0 |   18141 |   0.0 |       0 |      30 |   0.0 |  1447
         Elf:3 |       0 |   78351 |   0.0 |       0 |      77 |   0.0 |  3406
         IceCv |       0 |   14567 |   0.0 |       0 |      51 |   0.0 |  2074
               +---------+---------+-------+---------+---------+-------+---------
